 Dungeon Crawl Stone Soup version 0.28.0-43-g3370ac3207 (webtiles) character file.

Game seed: 15144393304961661359

7655 pkoi the Arsonist (level 10, 0/50 HPs)
             Began as a Deep Elf Fire Elementalist on Mar 16, 2022.
             Was a Believer of Sif Muna.
             Slain by an unseen horror (3 damage)
             ... on level 9 of the Dungeon.
             The game lasted 00:23:20 (17428 turns).

pkoi the Arsonist (Deep Elf Fire Elementalist)     Turns: 17428, Time: 00:23:21

Health: 0/50       AC:  9    Str:  5    XL:     10   Next: 99%
Magic:  20/24      EV: 13    Int: 25    God:    Sif Muna [**....]
Gold:   601        SH:  0    Dex: 15    Spells: 13/26 levels left

rFire   + + .      SeeInvis .   E - +2 dagger (venom)
rCold   x . .      Faith    .   (no shield)
rNeg    . . .      Spirit   .   x - +3 leather armour {rF+}
rPois   +          Reflect  .   (no helmet)
rElec   .          Harm     .   o - +1 cloak
rCorr   .          Rampage  .   y - +0 pair of gloves
Will    +....                   (no boots)
Stlth   ++........              (no amulet)
HPRegen 0.16/turn               s - ring of poison resistance
MPRegen 0.19/turn               l - ring of fire

@: no status effects
A: no striking features
a: Renounce Religion, Channel Magic


You were on level 9 of the Dungeon.
You worshipped Sif Muna.
Sif Muna was pleased with you.
You visited 2 branches of the dungeon, and saw 11 of its levels.

You collected 601 gold pieces.

Inventory:

Hand Weapons
 d - a +2 whip of electrocution
 f - a +2 whip of freezing
 w - a +0 rapier of protection
 E - a +2 dagger of venom (weapon)
Missiles
 M - a curare-tipped dart
Armour
 a - a +0 robe
 k - +0 acid dragon scales
 o - a +1 cloak (worn)
 x - a +3 leather armour of fire resistance (worn)
 y - a +0 pair of gloves (worn)
Jewellery
 l - a ring of fire (right hand)
 q - a +4 ring of slaying
 s - a ring of poison resistance (left hand)
Wands
 h - a wand of iceblast (25)
 t - a wand of acid (10)
 u - a wand of flame (42)
 F - a wand of polymorph (13)
Scrolls
 b - 2 scrolls of magic mapping
 e - 3 scrolls of enchant weapon
 m - a scroll of immolation
 r - a scroll of identify
 G - 2 scrolls of enchant armour
 J - a scroll of acquirement
 K - 2 scrolls of fog
Potions
 c - 4 potions of curing
 g - 2 potions of brilliance
 i - 4 potions of might
 j - 2 potions of attraction
 n - 2 potions of ambrosia
 p - a potion of haste
 v - a potion of magic {unknown}
 z - a potion of berserk rage {unknown}
 A - a potion of flight {unknown}
 D - a potion of mutation {unknown}
 I - a potion of heal wounds {unknown}
 L - a potion of cancellation {unknown}


   Skills:
 - Level 4.0 Armour
 - Level 5.0 Dodging
 - Level 2.4 Stealth
 + Level 8.8 Spellcasting
 * Level 10.1 Conjurations
 + Level 8.1 Hexes
 * Level 10.7 Fire Magic


You had 13 spell levels left.
You knew the following spells:

 Your Spells              Type           Power      Damage    Failure   Level
a - Foxfire               Conj/Fire      100%       2x1d9     1%          1
b - Scorch                Fire           100%       2d10      1%          2
c - Inner Flame           Hex/Fire       72%        N/A       1%          3
d - Flame Wave            Conj/Fire      76%        2d14      1%          4
e - Conjure Flame         Conj/Fire      76%        6-21      1%          3

Your spell library contained the following spells:

 Spells                   Type           Power      Damage    Failure   Level
 Beastly Appendage        Tmut           22%        N/A       9%          1
 Wereblood                Tmut           11%        N/A       13%         2
 Spider Form              Tmut/Pois      11%        N/A       26%         3
 Metabolic Englaciation   Hex/Ice        15%        N/A       41%         5
 Petrify                  Tmut/Erth      11%        N/A       65%         4
 Statue Form              Tmut/Erth      7%         N/A       100%        6
 Summon Cactus Giant      Summ           5%         N/A       100%        6


Dungeon Overview and Level Annotations

Branches:
Dungeon (10/15)            Temple (1/1) D:4            Lair (0/6) D:9
    Orc: D:9-12

Altars:
Ashenzari
Cheibriados
Elyvilon
Gozag
Hepliaklqana
Kikubaaqudgha
Makhleb
Nemelex Xobeh
Okawaru
Qazlal
Ru
Sif Muna
Uskayaw
Vehumet
Wu Jian
Xom
Yredelemnul
Zin

Shops:
D:8 =


Message History

Something hits your orc warrior!
Unknown command.
Something hits you but does no damage.
Your centaur zombie hits something.
Your centaur zombie kicks something but does no damage.
Your orc warrior hits the large slime creature from afar with a +0 glaive!
You swap places.
Something hits you!
* * * LOW HITPOINT WARNING * * *
Something hits your centaur zombie.
Your centaur zombie barely misses the large slime creature.
Your centaur zombie kicks the large slime creature.
The large slime creature hits your centaur zombie!!
Something hits you but does no damage.
Your orc warrior hits the large slime creature from afar with a +0 glaive!
There is a large open door here.
As you read the scroll labelled AHEFAH IGULE, it crumbles to dust.
It is a scroll of brand weapon.
Your +0 rapier of venom projects an invisible shield of force!
w - a +0 rapier of protection Something hits you but does no damage.
Your centaur zombie barely misses the large slime creature. x2
The large slime creature hits your centaur zombie!
Your centaur zombie is destroyed!
Your centaur zombie dissolves into shadows!
Your orc wizard hits the large slime creature with a +0 dagger.
Your orc warrior hits the large slime creature from afar with a +0 glaive!
As you read the scroll labelled BEPYIL XIMM, it crumbles to dust.
It is a scroll of amnesia.
Really abort (and waste the scroll)? [Y]es or [N]o only, please.
Really abort (and waste the scroll)?
Okay, then.
Something barely misses you. Something hits you but does no damage.
Your orc wizard hits the large slime creature with a +0 dagger.
This is a scroll of acquirement!
Unknown command.
Unknown command.
Okay, then.
Unknown command.
Something barely misses you. Something hits you.
You die...

#....(>.................
#.....))o...............
#######oo####..#######..
#o.# #..# #.. #oo# #..#
#.. #oo# #..# #.. #..#
#### #..
###J'##############.
#..@............###.
#...............(##.
#..###.###.#.##..###
#..##.#.###.###.(##
#....(.......#....##
#.............#.....
###''#####...#......
#..# ##..##.#.## #..#
#[.###.###


You could see a large slime creature (ally target), a friendly orc warrior
(summoned), a friendly orc priest (summoned), 2 friendly orc wizards and 4
friendly orcs.

Vanquished Creatures
  A two-headed ogre (D:8)
  2 cyclopes (D:9)
  A troll (D:9)
  3 slime creatures (D:9)
  Prince Ribbit (D:6)
  8 yaks
  A wyvern (D:9)
  Eustachio (D:6)
  2 humans (D:9)
  An acid dragon (D:7)
  A water moccasin (D:6)
  2 orc warriors (D:9)
  A black bear (D:6)
  A necrophage (D:6)
  3 centaurs
  4 ogres
  A kobold brigand (D:9)
  Blork the orc (D:5)
  2 bullfrogs
  A scorpion (D:7)
  10 killer bees (D:8)
  A water moccasin skeleton (D:5)
  5 wights
  3 howler monkeys
  4 centaur zombies
  2 jellies (D:6)
  A gnoll shaman (D:5)
  3 hounds
  3 orc priests
  3 iguanas
  8 orc wizards
  2 howler monkey zombies
  13 adders
  13 gnolls
  A howler monkey skeleton (D:6)
  A river rat (D:4)
  A white imp (D:7)
  An ufetubus (D:5)
  An adder skeleton (D:4)
  5 worms
  4 dart slugs
  32 orcs
  6 ball pythons
  5 bats
  6 endoplasms
  6 goblins
  6 hobgoblins
  4 jackals (D:3)
  5 quokkas
  A frilled lizard (D:3)
  18 kobolds
  6 rats
218 creatures vanquished.

Vanquished Creatures (collateral kills)
  3 foxfires (D:4)
3 creatures vanquished.

Vanquished Creatures (others)
  883 foxfires
  3 plants (D:10)
886 creatures vanquished.

Grand Total: 1107 creatures vanquished

Notes
Turn   | Place    | Note
-------+----------+-------------------------------------------
     0 | D:1      | pkoi the Deep Elf Fire Elementalist began the quest for the
                  | Orb.
     0 | D:1      | Reached XP level 1. HP: 10/10 MP: 6/6
   448 | D:1      | Reached XP level 2. HP: 15/15 MP: 2/8
   451 | D:1      | Learned a level 2 spell: Scorch
   498 | D:1      | Found a faded altar of an unknown god.
  1763 | D:2      | Reached XP level 3. HP: 16/19 MP: 4/9
  1808 | D:1      | Learned a level 3 spell: Inner Flame
  2852 | D:3      | Reached XP level 4. HP: 24/24 MP: 7/11
  3394 | D:3      | Reached skill level 1 in Hexes
  3598 | D:3      | Reached skill level 1 in Armour
  3598 | D:3      | Reached XP level 5. HP: 28/28 MP: 3/12
  3672 | D:3      | Learned a level 4 spell: Flame Wave
  5143 | D:4      | Reached skill level 5 in Fire Magic
  5471 | D:4      | Reached XP level 6. HP: 32/32 MP: 9/14
  5800 | D:4      | Found a staircase to the Ecumenical Temple.
  5864 | Temple   | Entered the Ecumenical Temple
  6037 | Temple   | Became a worshipper of Sif Muna the Loreminder
  6436 | D:5      | Entered Level 5 of the Dungeon
  6481 | D:5      | Noticed Blork the orc
  6487 | D:5      | Killed Blork the orc
  6866 | D:5      | Reached XP level 7. HP: 31/36 MP: 11/16
  7026 | D:5      | Reached skill level 5 in Spellcasting
  7026 | D:5      | Reached skill level 5 in Conjurations
  7530 | D:5      | Reached * piety under Sif Muna
  8652 | D:6      | Learned a level 3 spell: Conjure Flame
  8665 | D:6      | Reached XP level 8. HP: 41/41 MP: 13/18
  9510 | D:6      | Noticed Eustachio
  9929 | D:6      | Killed Eustachio
 10467 | D:6      | Noticed Prince Ribbit
 10476 | D:6      | Killed Prince Ribbit
 10655 | D:6      | Reached skill level 5 in Hexes
 11511 | D:7      | Reached XP level 9. HP: 28/45 MP: 12/20
 12117 | D:7      | Identified the +4 flail "Fayqazu" {vorpal, rN+ Will+++
                  | Int-5 SInv}
 13720 | D:8      | Found Fomma's Jewellery Boutique.
 13790 | D:8      | Reached ** piety under Sif Muna
 13915 | D:8      | Noticed a two-headed ogre
 13926 | D:8      | Killed a two-headed ogre
 14460 | D:9      | Reached XP level 10. HP: 47/50 MP: 13/23
 14500 | D:9      | Reached skill level 5 in Dodging
 14992 | D:9      | Noticed a cyclops
 14998 | D:9      | Killed a cyclops
 15076 | D:9      | Noticed a cyclops
 15084 | D:9      | Killed a cyclops
 15757 | D:9      | Found a staircase to the Lair.
 15766 | D:9      | Reached skill level 10 in Fire Magic
 16198 | D:9      | Found an opulent altar of Gozag.
 16210 | D:9      | Found an iron altar of Okawaru.
 16557 | D:10     | Entered Level 10 of the Dungeon
 16892 | D:10     | Reached skill level 10 in Conjurations
 17327 | D:9      | Reached *** piety under Sif Muna
 17425 | D:9      | HP: 2/50 [something (7)]
 17428 | D:9      | Identified a scroll of acquirement
 17428 | D:9      | Slain by an unseen horror

Illustrated notes

Levels and vault maps discovered:
D:1:      dpeg_arrival_tiny_b, layout_basic, hellmonk_ecumenical_altar_lost_god,
          chequers_serial_rivers_micro_e
D:2:      layout_rooms
D:3:      layout_loops_ring, serial_glass, glass_columns_a, glass_columns_a,
          minmay_misc_feat_square
D:4:      layout_rooms, minmay_temple_entry_overgrown,
          lightli_sewer_entry_pipes, dk_rats_in_the_wall
D:5:      nicolae_cairo_tiling_very_big, layout_layer_cave, serial_rivers,
          chequers_serial_rivers_small_3, chequers_serial_rivers_small_a,
          chequers_serial_rivers_small_a, chequers_serial_rivers_micro_d,
          st_stairs_1, chequers_serial_rivers_small_a, hangedman_glass_teeth,
          minivault_1, uniq_blork_the_orc
D:6:      layout_basic, uniq_prince_ribbit1, uniq_eustachio
D:7:      layout_cave_pools, kennysheep_generic_room_8
D:8:      layout_basic, serial_shops, kennysheep_little_box
D:9:      layout_small_grid, okawaru_humans, lemuel_doored_altar,
          lair_entry_dummy, hangedman_corner_corridor
D:10:     layout_cave_pools, tso_oasis_becter,
          gammafunk_temple_overflow_forgotten, kennysheep_boxes, uniq_nergalle
Temple:   eino_temple_scatter_basement

Skill      XL: |  1  2  3  4  5  6  7  8  9 10 |
---------------+-------------------------------+-----
Conjurations   | 2 3 4 5 7 8 10 | 10.1
Fire Magic     | 4 5 6 8 9 10 | 10.7
Hexes          | 1 2 3 4 5 6 8 |  8.1
Armour         | 1 3 4 |  4.0
Spellcasting   | 4 5 6 7 8 |  8.8
Dodging        | 3 4 5 |  5.0
Stealth        | |  2.4

Action                   |  1- 3 |  4- 6 |  7- 9 | 10-12 || total
-------------------------+-------+-------+-------+-------++-------
Melee: Whip              |     8 |     4 |     9 |       ||    21
       Dagger            |       |       |     2 |     1 ||     3
       Punch             |       |       |     1 |       ||     1
 Cast: Foxfire           |   100 |   146 |   183 |    99 ||   528
       Scorch            |     3 |    32 |    56 |    39 ||   130
       Inner Flame       |       |       |    18 |    19 ||    37
       Flame Wave        |       |       |     3 |     1 ||     4
       Conjure Flame     |       |       |     2 |     1 ||     3
  Use: Scroll            |     5 |     6 |     2 |     3 ||    16
       Potion            |       |       |     2 |       ||     2
Armor: Robe              |     3 |    11 |     6 |       ||    20
       Leather armour    |       |       |     6 |    38 ||    44
Dodge: Dodged            |    14 |    21 |    57 |    38 ||   130
